 Dungeon Crawl Stone Soup version 0.23-a0-612-gcb482e9 (webtiles) character file.

418 Lanoc the Shooter (level 6, -3/51 HPs)
             Began as a Centaur Arcane Marksman on Dec 20, 2018.
             Killed from afar by Natasha (10 damage)
             ... with a magic dart
             ... on level 4 of the Dungeon on Dec 21, 2018.
             The game lasted 00:19:18 (3541 turns).

Lanoc the Shooter (Centaur Arcane Marksman)         Turns: 3541, Time: 00:19:21

Health: -3/51      AC:  8    Str: 12    XL:     6   Next: 61%
Magic:  9/9        EV:  8    Int: 12    God:
Gold:   205        SH:  0    Dex: 12    Spells: 6/9 levels left

rFire    . . .     SeeInvis .   a - +0 shortbow
rCold    . . .     Gourm    .   (shield currently unavailable)
rNeg     . . .     Faith    .   w - +0 animal skin
rPois    .         Spirit   .   (no helmet)
rElec    .         Reflect  .   (no cloak)
rCorr    .         Harm     .   (no gloves)
MR       .....                  e - +0 centaur barding
Stlth    +.........             b - amulet of magic regeneration
HPRegen  0.17/turn              q - ring of ice
MPRegen  0.36/turn              h - ring of fire

@: very quick
A: large, hooves 3, deformed body, speed 2, tough skin 3
a: no special abilities


You were on level 4 of the Dungeon.
You were not hungry.

You visited 1 branch of the dungeon, and saw 4 of its levels.

You collected 205 gold pieces.

Inventory:

Hand Weapons
 a - a +0 shortbow (weapon)
 u - a +3 war axe of electrocution
Missiles
 d - 7 arrows (quivered)
Armour
 e - a +0 centaur barding (worn)
 w - a +0 animal skin (worn)
Jewellery
 b - an amulet of magic regeneration (around neck)
 h - a ring of fire (right hand)
 q - a ring of ice (left hand)
Scrolls
 j - a scroll of remove curse {unknown}
 k - a scroll of fog {unknown}
 m - 2 scrolls of enchant weapon {unknown}
 n - 2 scrolls of teleportation {unknown}
 o - 2 scrolls of enchant armour {unknown}
 s - 2 scrolls of identify {unknown}
 v - a scroll of magic mapping {unknown}
Potions
 c - 3 potions of brilliance {unknown}
 g - a potion of invisibility {unknown}
 i - 2 potions of curing {unknown}
 l - a potion of magic {unknown}
 p - a potion of lignification {unknown}
 r - 2 potions of heal wounds {unknown}
Comestibles
 f - 6 rations
 t - 6 chunks of flesh


   Skills:
 + Level 3.1 Fighting
 * Level 6.0 Bows
 - Level 1.3 Dodging
 + Level 2.3 Spellcasting
 + Level 4.1 Hexes


You had 6 spell levels left.
You knew the following spells:

 Your Spells              Type           Power        Failure   Level  Hunger
a - Corona                Hex            ##.....      4%          1    ##.....
b - Slow                  Hex            ##......     8%          2    ###....

Your spell library contained the following spells:

 Spells                   Type           Power        Failure   Level  Hunger
 Inner Flame              Hex/Fire       #.......     34%         3    ####...
 Portal Projectile        Hex/Tloc       #.....       34%         3    ####...
 Cause Fear               Hex            ##........   43%         4    #####..
 Leda's Liquefaction      Hex/Erth       #.........   75%         4    #####..


Dungeon Overview and Level Annotations

Branches:
Dungeon (4/15)
 Temple: D:4-7

Altars:
Trog

Annotations:
D:4 3 runed doors, Natasha; galech's ghost, amateur DsFi


Innate Abilities, Weirdness & Mutations

You have hooves in place of feet.
Armour fits poorly on your strangely shaped body.
You cover ground very quickly.
You have extremely tough skin. (AC +3)


Message History

You shoot an arrow. The arrow barely misses Natasha.
Natasha claws you but does no damage. Natasha claws you.
* * * LOW HITPOINT WARNING * * *
Firing (i - inventory)
d - 9 arrows (quivered)
Press: ? - help, Shift-Dir - straight line, f/p - Natasha
Aim: Natasha (lightly wounded, softly glowing)
You shoot an arrow. The arrow hits Natasha.
Natasha is heavily wounded.
Natasha claws you!
* * * LOW HITPOINT WARNING * * *
Firing (i - inventory)
d - 8 arrows (quivered)
Press: ? - help, Shift-Dir - straight line, f/p - Natasha
Aim: Natasha (heavily wounded, softly glowing)
You shoot an arrow. The arrow hits Natasha.
Natasha is heavily wounded.
You feel yourself speed up.
Natasha stops glowing.
Natasha stares at you and mumbles some strange words.
The magic dart hits you!
You die...

...........### .#.. .
#.
.#........######.+..
..
...........#.....+...
%.#..
........#>.......+...
$.#.#
....###.....##...#..
#.. ....
#......##...#W #..
#....#..##.##....###
#. .........###.....
... ..#####..@h#.#.#
... ####..)#()(((#.##
... #.....).###....(#
....
#......###.#...(#
.... .........#..
....... ....
###....#.... (......
.... #...###..##
....... ...# ##..
##.. (...... ..# #.#
##.. ....... ...


You could see Natasha.

Vanquished Creatures
  An orc priest (D:4)
  A hound (D:4)
  An orc wizard (D:4)
  An iguana (D:4)
  Natasha (D:4)
  A worker ant (D:4)
  A hound skeleton (D:4)
  Robin (D:4)
  8 adders
  3 oozes
  2 worms
  2 dart slugs
  3 leopard geckos
  14 orcs
  2 ball pythons
  8 bats
  A giant cockroach (D:1)
  19 goblins
  15 hobgoblins
  6 jackals
  11 kobolds
  4 quokkas
  12 frilled lizards
  4 rats
122 creatures vanquished.

Notes
Turn   | Place    | Note
-------+----------+-------------------------------------------
     0 | D:1      | Lanoc the Centaur Arcane Marksman began the quest for the
                  | Orb.
     0 | D:1      | Reached XP level 1. HP: 16/16 MP: 2/2
    24 | D:1      | Reached skill level 3 in Bows
    78 | D:1      | Reached XP level 2. HP: 20/23 MP: 3/3
   693 | D:2      | Reached XP level 3. HP: 27/28 MP: 4/4
  1046 | D:2      | Reached XP level 4. HP: 34/36 MP: 6/6
  1072 | D:2      | Reached skill level 4 in Bows
  1278 | D:2      | Learned a level 2 spell: Slow
  1281 | D:2      | Upgraded the game from 0.23-a0-607-g760965b to
                  | 0.23-a0-612-gcb482e9
  2091 | D:3      | Reached XP level 5. HP: 41/41 MP: 7/7
  2708 | D:4      | Reached skill level 5 in Bows
  2737 | D:4      | Noticed Robin
  3034 | D:4      | Found a bloodstained altar of Trog.
  3136 | D:4      | Reached XP level 6. HP: 26/50 MP: 9/9
  3259 | D:4      | Killed Robin
  3465 | D:4      | Noticed Natasha
  3474 | D:4      | Killed Natasha
  3477 | D:4      | Found a runed gate.
  3490 | D:4      | Found a runed gate.
  3491 | D:4      | Found a runed gate.
  3515 | D:4      | Noticed galech's ghost (amateur DsFi)
  3524 | D:4      | Reached skill level 6 in Bows
  3531 | D:4      | Noticed Natasha
  3541 | D:4      | Killed from afar by Natasha

Vault maps used:
D:1:      scummos_arrival_simple_crosswalls, grunt_decor_mini_mirrors
D:2:      kennysheep_generic_room_5
D:4:      first_ration, gammafunk_ghost_split, trog_hazing_becter, uniq_robin,
          uniq_natasha

Skill      XL: |  1  2  3  4  5  6 |
---------------+-------------------+-----
Bows           | 3 4 5 6 |  6.0
Hexes          | 3 4 |  4.1
Fighting       | 2 3 |  3.1
Spellcasting   | 2 |  2.3
Dodging        | |  1.3

Action                   |  1- 3 |  4- 6 || total
-------------------------+-------+-------++-------
 Fire: Shortbow          |   152 |   329 ||   481
 Cast: Corona            |       |     9 ||     9
  Eat: Chunk             |       |     6 ||     6
Armor: Robe              |    38 |    58 ||    96
       Animal skin       |       |    15 ||    15
Dodge: Dodged            |    35 |   115 ||   150

Table legend:
 A = Non-vault XP
 B = Vault XP
 C = Vault XP percentage of total XP
 D = Non-vault monster count
 E = Vault monster count
 F = Vault count percentage of total count
                 A         B        C        D         E       F
            +---------+---------+-------+---------+---------+-------
      Total |     510 |      88 |  14.7 |     101 |      21 |  17.2
            +---------+---------+-------+---------+---------+-------
        D:1 |      32 |       0 |   0.0 |      17 |       0 |   0.0
        D:2 |      89 |       5 |   5.3 |      33 |       2 |   5.7
        D:3 |     104 |       2 |   1.9 |      27 |       1 |   3.6
        D:4 |     285 |      81 |  22.1 |      24 |      18 |  42.9
            +---------+---------+-------+---------+---------+-------
